 Dungeon Crawl Stone Soup version 0.31-a0-986-g5e6e4ef867 (webtiles) character file.

Game seed: 13186730972053700955

2068 croobank the Covert (level 9, -6/62 HPs)
             Began as an Octopode Delver on Nov 14, 2023.
             Was a Follower of Ashenzari.
             Mangled by a warg (12 damage)
             ... on level 8 of the Dungeon.
             The game lasted 00:23:47 (7878 turns).

croobank the Covert (Octopode Delver)               Turns: 7878, Time: 00:23:48

Health: -6/62      AC:  1    Str: 16    XL:     9   Next: 26%
Magic:  14/17      EV: 16    Int: 16    God:    Ashenzari [*.....]
Gold:   296        SH:  0    Dex: 19    Spells: 12/19 levels left

rFire   . . .        e - +2 quick blade (holy)
rCold   . . .        (no shield)
rNeg    + . .        (helmet restricted)
rPois   .            u - amulet of Ashenzari's Pantheism {Acrobat Dex+2, Comp, Fort} (curse)
rElec   .            o - ring of Supernal Wisdom {Drain Will+ Str+5 Dex+3, Self, Cun} (curse)
rCorr   .            G - ring of the Ruined Yoke {rN+, Melee, Dev} (curse)
SInv    .            (no ring)
Will    +....        (no ring)
Stlth   ++++++       (no ring)
HPRegen 0.30/turn    (no ring)
MPRegen 0.15/turn    (no ring)
                     (no ring)

%: acrobat
@: no status effects
A: almost no armour, amphibious, 8 rings, camouflage 1, gelatinous body 1,
(nimble swimmer 1), tentacles
a: Renounce Religion, Shatter the Chains


You were on level 8 of the Dungeon.
You worshipped Ashenzari.
Ashenzari was aware of your devotion.
You visited 1 branch of the dungeon, and saw 8 of its levels.

You collected 446 gold pieces.
You spent 150 gold pieces at shops.

Inventory:

Hand Weapons
 a - a +0 short sword of venom
 b - a +0 orcbow
 c - a +1 short sword of draining
 e - a +2 quick blade of holy wrath (weapon)
 r - a +3 flail
 C - a +3 quarterstaff of chaos
 D - a +2 hammer of draining
Missiles
 z - a curare-tipped dart
 A - 16 poisoned darts
Armour
 s - a +0 buckler
Magical Staves
 d - a staff of fire
 E - a staff of cold
Jewellery
 g - a ring of fire
 o - the cursed ring of Supernal Wisdom (left tentacle) {Drain Will+ Str+5 Dex+3, Self, Cun}
   (You acquired it on level 4 of the Dungeon)

   [ring of willpower]

   Str+5:     It affects your strength (+5).
   Dex+3:     It affects your dexterity (+3).
   Will+:     It increases your willpower.
   Drain:     It drains your maximum health when unequipped.
   It has a curse which improves the following skills: Introspection: Fighting
   and Spellcasting.
   Cunning:   Dodging and Stealth.
 u - the cursed amulet of Ashenzari's Pantheism (around mantle) {Acrobat Dex+2, Comp, Fort}
   (You found it on level 2 of the Dungeon)

   [amulet of the acrobat]

   Acrobat:   It increases your evasion while moving and waiting.
   Dex+2:     It affects your dexterity (+2).
   It has a curse which improves the following skills: Companions: Summonings
   and Necromancy.
   Fortitude: Shields.
 G - the cursed ring of the Ruined Yoke (right tentacle) {rN+, Melee, Dev}
   (You found it on level 8 of the Dungeon)

   [ring of positive energy]

   rN+:       It protects you from negative energy.
   It has a curse which improves the following skills: Melee Combat: Short
   Blades, Long Blades, Axes, Maces & Flails, Polearms, Staves and Unarmed
   Combat.
   Devices:   Evocations and Shapeshifting.
Wands
 f - a wand of digging (3)
 y - a wand of charming (13)
 B - a wand of mindburst (10)
Scrolls
 h - 4 scrolls of revelation
 i - a scroll of brand weapon
 k - 4 scrolls of noise
 l - 4 scrolls of immolation
 m - a scroll of torment
 n - a scroll of teleportation
 p - a scroll of enchant armour
 q - 3 scrolls of identify
 v - a scroll of blinking
 w - a scroll of poison
 x - 2 scrolls of vulnerability
Potions
 j - 2 potions of attraction
 t - a potion of magic
 F - a potion of brilliance
 H - a potion of curing
 I - a potion of mutation


   Skills:
 + Level 5.4(6.2) Fighting
 + Level 5.0(5.8) Short Blades
 + Level 4.8(5.5) Dodging
 + Level 9.3(10.1) Stealth
 * Level 4.7(5.5) Spellcasting
 * Level 5.0(5.8) Summonings


You had 12 spell levels left.
You knew the following spells:

 Your Spells              Type           Power      Damage    Failure   Level
a - Summon Small Mammal   Summ           92%        N/A       1%          1
c - Call Canine Familiar  Summ           23%        N/A       4%          3
d - Summon Guardian Gole  Hex/Summ       13%        N/A       13%         3

Your spell library contained the following spells:

 Spells                   Type           Power      Damage    Failure   Level
 Magic Dart               Conj           16%        1d3       14%         1
 Necrotise                Necr           16%        1d4       14%         1
 Slow                     Hex            16%        N/A       14%         1
 Searing Ray              Conj           8%         2d4       22%         2
 Vampiric Draining        Necr           4%         2d6       38%         3
 Confusing Touch          Hex            4%         N/A       41%         3
 Frozen Ramparts          Ice            8%         1d2       41%         3
 Sigil of Binding         Hex            4%         N/A       41%         3
 Fulminant Prism          Conj/Hex       2%         3d5       82%         4
 Petrify                  Tmut/Erth      4%         N/A       82%         4
 Agony                    Necr           4%         N/A       98%         5
 Metabolic Englaciation   Hex/Ice        2%         N/A       99%         5


Dungeon Overview and Level Annotations

Branches:
Dungeon (8/15)             Temple (0/1) D:5
   Lair: D:8-11

Altars:
Ashenzari
Dithmenos
Fedhas
Makhleb
Ru
Uskayaw
Vehumet
Wu Jian
Xom
The Shining One

Shops:
D:3 ?   D:6 :


Innate Abilities, Weirdness & Mutations

You cannot wear most types of armour.
You are amphibious.
You can wear up to eight rings at the same time.
Your skin changes colour to match your surroundings (Stealth+).
Your rubbery body absorbs attacks. (AC +1, EV +1)
((You are camouflaged when in or above water. (Stealth+)))
You have tentacles for arms and can constrict up to eight enemies at once.


Message History

You barely miss something. You squeeze something! You barely miss something.
You squeeze something. Something hits you!
Your hound bites something.
You closely miss something. You completely miss something.
Your hound bites something.
Reactivating autopickup.
You feel a bit more experienced.
Things that are here:
a +0 glaive; a +0 robe; an orc corpse You start resting.
Magic restored.
You start resting.
An orc wizard comes into view. It is wielding a +0 dagger.
A warg comes into view.
The orc wizard casts a spell at you. The puff of flame hits you.
Your hound disappears in a puff of smoke!
The orc wizard completely misses you.
A yak comes into view. x2
The warg completely misses you.
The yak bellows! x2
You hit the orc wizard but do no damage.
You grab the orc wizard. You squeeze the orc wizard! You hit the orc wizard.
The orc wizard is almost dead.
You constrict the orc wizard.
You kill the orc wizard!
You hear a bellow!
You hear a howl!
The warg bites you.
An orc comes into view. It is wielding a +0 dagger.
Casting: Call Canine Familiar (dangerous; 4% risk of failure)
Confirm with . or Enter, or press ? or * to list all spells.
The warg bites you!
* * * LOW HITPOINT WARNING * * *
You hit the warg. Your squeeze misses the warg.
You hit the warg but do no damage. You squeeze the warg!
The warg is moderately wounded.
The warg bites you!
* * * LOW HITPOINT WARNING * * *
A yak comes into view.
Your hound closely misses the warg.
The warg bites you!
You die...

### ..# #.#
#######.##########
................#
#:............#
#.............#
#.h......)....#
#h@...).......#
......)............#
....##########)###....
... #.######### Y
#....).....
#......####
##.#....... #.#(###.#.
###.#.##....


You could see a yak (distracted), a warg (ally target) and a friendly hound
(summoned).

Vanquished Creatures
  A steam dragon (D:7)
  A nameless horror (D:5)
  2 sky beasts
  2 orc warriors
  4 ice beasts
  2 phantoms
  A kobold brigand (D:7)
  A bullfrog (D:6)
  2 scorpions
  A howler monkey (D:5)
  Crazy Yiuf (D:5)
  5 hounds
  2 jellies
  5 orc priests
  3 orc wizards
  11 adders
  3 gnolls (D:7)
  2 white imps
  2 worms
  3 dart slugs
  21 orcs
  6 endoplasms
  5 giant cockroaches
  7 goblins
  6 hobgoblins
  7 jackals
  4 quokkas
  7 ball pythons
  3 bats
  5 frilled lizards
  2 goblin skeletons (D:8)
  A goblin zombie (D:8)
  6 hobgoblin zombies (D:8)
  9 kobolds
  A kobold skeleton (D:8)
  A kobold zombie (D:8)
  6 rats
  A butterfly (D:5)
152 creatures vanquished.

Vanquished Creatures (collateral kills)
  An orc wizard (D:8)
  A gnoll (D:1)
  An adder (D:2)
  A dart slug (D:1)
  A ball python (D:2)
  2 endoplasms
  2 goblins (D:1)
  A kobold (D:7)
10 creatures vanquished.

Grand Total: 162 creatures vanquished

Notes
Turn   | Place    | Note
-------+----------+-------------------------------------------
     0 | D:5      | croobank the Octopode Delver began the quest for the Orb.
     0 | D:5      | Reached XP level 1. HP: 16/16 MP: 1/1
     2 | D:6      | Noticed a hound
     3 | D:6      | Noticed a bullfrog
   164 | D:4      | Reached XP level 2. HP: 21/21 MP: 2/2
   363 | D:4      | Reached XP level 3. HP: 10/26 MP: 3/3
   570 | D:3      | Reached skill level 7 in Stealth
   872 | D:3      | Reached XP level 4. HP: 31/31 MP: 4/4
  1135 | D:2      | Found a burning altar of Makhleb.
  1535 | D:2      | Reached XP level 5. HP: 25/37 MP: 5/5
  1664 | D:2      | Identified the amulet of the Leaping Gods {Acrobat Dex+2}
  1927 | D:1      | Learned a level 1 spell: Summon Small Mammal
  2797 | D:2      | Reached XP level 6. HP: 37/43 MP: 1/7
  2921 | D:2      | Found a faded altar of an unknown god.
  3133 | D:2      | Learned a level 3 spell: Call Canine Familiar
  3140 | D:3      | Found Ungonu's Magic Scroll Boutique.
  3187 | D:3      | Bought a scroll of noise for 10 gold pieces
  3187 | D:3      | Bought 3 scrolls of immolation for 120 gold pieces
  3187 | D:3      | Bought a scroll of identify for 20 gold pieces
  3381 | D:4      | Reached skill level 1 in Spellcasting
  3381 | D:4      | Reached skill level 1 in Summonings
  3511 | D:4      | Identified a scroll of acquirement
  3511 | D:4      | Acquired the ring "Duh Rauto" {Drain Will+ Str+5 Dex+3}
  4030 | D:5      | Noticed an ice beast
  4043 | D:5      | Noticed a nameless horror
  4313 | D:5      | Found a broken altar of Ashenzari.
  4328 | D:5      | Reached skill level 8 in Stealth
  4336 | D:5      | Became a worshipper of Ashenzari the Shackled
  4337 | D:5      | Acquired a +2 quick blade of holy wrath
  4365 | D:5      | Found a staircase to the Ecumenical Temple.
  4371 | D:5      | Noticed an ice beast
  4386 | D:5      | Killed an ice beast
  4387 | D:5      | Reached XP level 7. HP: 45/48 MP: 6/10
  4707 | D:5      | Killed a nameless horror
  4873 | D:5      | Found a runed translucent door.
  4874 | D:5      | Noticed Crazy Yiuf
  4881 | D:5      | Killed Crazy Yiuf
  5251 | D:6      | Found a radiant altar of Vehumet.
  5268 | D:6      | Identified the +4 quarterstaff of the Peculiar Villages
                  | {freeze, rF+}
  5344 | D:6      | Reached XP level 8. HP: 55/55 MP: 11/13
  5396 | D:6      | Found a blossoming altar of Fedhas.
  5554 | D:6      | Found Ilanifib's Book Shop.
  5834 | D:6      | Reached * piety under Ashenzari
  6469 | D:7      | Found a hide-covered altar of Uskayaw.
  6485 | D:7      | Reached skill level 5 in Fighting
  6719 | D:7      | Reached skill level 9 in Stealth
  6910 | D:7      | Reached XP level 9. HP: 62/62 MP: 16/16
  7197 | D:7      | Learned a level 3 spell: Summon Guardian Golem
  7366 | D:7      | Found an ornate altar of the Wu Jian Council.
  7368 | D:7      | Found a shadowy altar of Dithmenos.
  7371 | D:7      | Found a shimmering altar of Xom.
  7487 | D:7      | Found a sacrificial altar of Ru.
  7634 | D:8      | Found a glowing golden altar of the Shining One.
  7836 | D:8      | Reached skill level 5 in Summonings
  7840 | D:8      | Reached skill level 5 in Short Blades
  7878 | D:8      | Mangled by a warg

Illustrated notes

Levels and vault maps discovered:
D:1:      tarquinn_simple_flora_water_f, layout_basic, bh_walls_and_bars
D:2:      layout_rooms, hellmonk_ecumenical_altar_zigzags, basic_altar,
          minmay_unequal
D:3:      layout_loops_ring, serial_shops, shop
D:4:      layout_gridville, serial_forest, infiniplex_forest_diagonal,
          infiniplex_forest_fountain, infiniplex_forest_lined_room_,
          infiniplex_forest_end_2, infiniplex_forest_clump_small,
          infiniplex_forest_lined_2, infiniplex_forest_straight_4
D:5:      layout_basic, mainiacjoe_overflow_concentric_impassable,
          minmay_temple_entry_butterflies, uniq_crazy_yiuf_cottage
D:6:      layout_layer_cave, nicolae_vehumet_altar_sigil,
          fedhas_altar_fruit_tree, serial_shops, nicolae_shop_window_shopping,
          st_stairs_9
D:7:      layout_loops_corners, mainiacjoe_overflow_alcove_4,
          nicolae_ru_path_of_blood, grunt_temple_overflow_open,
          amcnicky_mini_rare_corridor_liquid, chequers_serial_rivers_room_b
D:8:      layout_basic, nicolae_tso_besieged_by_evil, erik_lair_orcish_takeover,
          minmay_splitting_lines, uniq_pikel

Skill      XL: |  1  2  3  4  5  6  7  8  9 |
---------------+----------------------------+-----
Stealth        | 7 8 9 |  9.3
Short Blades   | 3 4 5 |  5.0
Dodging        | 3 4 |  4.8
Fighting       | 4 5 |  5.4
Spellcasting   | 2 3 4 |  4.7
Summonings     | 2 3 4 5 |  5.0

Action                     |  1- 3 |  4- 6 |  7- 9 || total
---------------------------+-------+-------+-------++-------
  Melee: Short sword       |    57 |   170 |       ||   227
         Constrict         |    11 |    34 |    32 ||    77
         Tentacles         |    10 |    37 |    65 ||   112
         Quick blade       |       |    14 |   194 ||   208
         Punch             |       |     4 |     2 ||     6
   Cast: Summon Small Mamm |       |    27 |       ||    27
         Call Canine Famil |       |       |     5 ||     5
 Invoke: Curse Item        |       |       |     3 ||     3
  Evoke: Wand              |       |     3 |     4 ||     7
    Use: Scroll            |     3 |     8 |     6 ||    17
         Potion            |       |     3 |     1 ||     4
   Stab: Sleeping          |     4 |    16 |    12 ||    32
         Distracted        |     1 |       |     2 ||     3
 Armour: Skin              |    20 |    48 |    53 ||   121
  Dodge: Dodged            |    39 |   112 |    65 ||   216

Table legend: (Time is in decaauts)
 A = Elapsed time spent in this place.
 B = Non-inter-level travel time spent in this place.
 C = Inter-level travel time spent in this place.
 D = Time resting spent in this place.
 E = Time spent auto-exploring this place.
 F = Levels seen in this place.
 G = Mean time per level.
                   A        B        C        D        E       F      G
               +--------+--------+--------+--------+--------+-----+--------+
         Total |   7827 |   7559 |    268 |   1153 |   4752 |   8 |  978.4 |
       Dungeon |   7827 |   7559 |    268 |   1153 |   4752 |   8 |  978.4 |
               +--------+--------+--------+--------+--------+-----+--------+

Top non-repeatable levels by time:
     D:7: 1287 daAuts
     D:4: 1127 daAuts
     D:5: 1116 daAuts
     D:3: 1106 daAuts
     D:6: 1097 daAuts
     D:1: 865 daAuts
     D:2: 821 daAuts
     D:8: 405 daAuts
